Unix NetHack Version 5.0.0-0 post-release - last build Jul 11 2026 15:18:16 (a5a7a23833b1ad5d30b1c6e96a93a978492a6348,branch:main).

Game began 2026-07-13 16:02:55, ended 2026-07-13 16:20:17.

Atrocia, neutral male human Barbarian

                                                                       --
                                                                       |.
                                                  -      -             |.
                                                  |..    |.          ---..
                                                  |...-  @.        --.. ..-
                                                  |......-..       |..-  ..
                                                  |..@.......-------..-- -.--
                                                       ................| |!.|
                                                         -....)-........#--.--
                                                         | -.@@@)d..)..[[|.0.|
                                                  -..-.................##[<[.|
                                                     |.  |. -------..-- #|..[|
                                                     --  |        ----   -----

Atrocia the Bandit         St:18/02 Dx:16 Co:18 In:8 Wi:7 Ch:6  Neutral
Dlvl:7  $:97 HP:0(70) Pw:13(13) AC:2  Xp:6 T:2404 

Latest messages:
 The Woodland-elf secures the tether on the aklys.
 Idefix picks up a scimitar.
 The Woodland-elf throws an aklys!
 The aklys misses the Mordor orc.
 An aklys misses you.
 The aklys returns to the Woodland-elf's hand!
 The Woodland-elf wields an elven bow!
 The Woodland-elf shoots 2 elven arrows!
 The 1st elven arrow misses the Mordor orc.
 You are hit by the 1st elven arrow.
 The 2nd elven arrow misses the Mordor orc.
 You are hit by the 2nd elven arrow!
 The Woodland-elf shoots 2 elven arrows!
 The 1st elven arrow hits the Mordor orc.
 The 2nd elven arrow hits the Mordor orc.
 The Woodland-elf drinks an emerald potion!
 Suddenly you cannot see the Woodland-elf.
 You kill the Mordor orc!
 The Woodland-elf picks up an elven arrow.
 The Woodland-elf throws an elven dagger!
 An elven dagger misses you.
 n - a brass wand.
 $ - 22 gold pieces (97 in total).
 There is a doorway here.
 You see here an orcish helm.
 Idefix eats a goblin corpse.
 The Woodland-elf wields an elven short sword!
 You smite the Woodland-elf!
 The Woodland-elf thrusts his elven short sword.
 The Woodland-elf misses!
 You smite the Woodland-elf!
 The Woodland-elf wields an aklys!
 The Woodland-elf secures the tether on the aklys.
 The Woodland-elf thrusts his elven short sword.
 The Woodland-elf hits!
 You smite the Woodland-elf!
 The Woodland-elf throws an aklys!
 The aklys misses the Woodland-elf.
 An aklys misses you.
 The Woodland-elf thrusts his elven short sword.
 The Woodland-elf hits!
 An elven arrow misses you.
 You are hit by an elven arrow.
 You miss the Woodland-elf.
 The Woodland-elf wields an elven short sword!
 The Woodland-elf thrusts his elven short sword.
 The Woodland-elf hits!
 You are hit by an elven arrow!
 You die...
 Do you want your possessions identified? [ynq] (y) q

Inventory:
 Coins    ('$')
  $ - 97 gold pieces
 Weapons  (')')
  j - a +0 dart
  b - a +0 axe (alternate weapon; not wielded)
  a - a +0 two-handed sword (weapon in hands)
 Armor    ('[')
  p - an uncursed +0 orcish helm (being worn)
  I - a blessed +0 pair of iron shoes (being worn)
  L - an uncursed +0 dwarvish cloak (being worn)
  o - an uncursed +0 chain mail (being worn)
 Comestibles  ('%')
  h - an uncursed slime mold
  k - an uncursed cream pie
  d - 3 uncursed food rations
  e - a cursed homemade tin of lichen
  q - an uncursed egg
  f - 3 uncursed lichen corpses
 Scrolls  ('?')
  l - an uncursed scroll of charging
  Y - an uncursed scroll of confuse monster
  H - an uncursed scroll of create monster
  T - an uncursed scroll of earth
  w - an uncursed scroll of enchant weapon
  F - an uncursed scroll of fire
  g - a cursed scroll of light
  K - an uncursed scroll of magic mapping
  i - a cursed scroll of magic mapping
  D - 2 uncursed scrolls of teleportation
 Potions  ('!')
  x - a cursed potion of fruit juice
  W - a blessed potion of levitation
  r - an uncursed potion of water
 Rings    ('=')
  R - an uncursed +1 ring of adornment
 Wands    ('/')
  n - a wand of digging (0:6)
  s - a wand of nothing (0:5)
  V - a wand of striking (0:1)
  E - a wand of teleportation (0:8)
 Tools    ('(')
  Q - an uncursed lock pick
  X - a blessed magic lamp
 Gems/Stones  ('*')
  S - an uncursed emerald
  M - an uncursed obsidian stone
  O - an uncursed turquoise stone
  J - an uncursed worthless piece of blue glass
  m - an uncursed worthless piece of white glass
  P - an uncursed worthless piece of yellow glass
  G - 3 uncursed worthless pieces of yellowish brown glass

Atrocia the Barbarian's attributes:

Background:
 You were a Bandit, a level 6 male human Barbarian.
 You were neutral, on a mission for Crom
 who was opposed by Mitra (lawful) and Set (chaotic).
 You were right-handed.
 You were in the Gnomish Mines, on level 7.
 You entered the dungeon 2404 turns ago.
 You had 513 experience points, 127 more were needed to attain level 7.

Basics:
 You had 0 out of 70 hit points.
 You had all 13 energy points (spell power).
 Your armor class was 2.
 Your wallet contained 97 zorkmids.
 Autopickup was on for '$"?+!=/' plus thrown.

Final Characteristics:
 Your strength was 18/02 (limit:18/100).
 Your dexterity was 16 (limit:18).
 Your constitution was 18 (limit:18).
 Your intelligence was 8 (limit:18).
 Your wisdom was 7 (limit:18).
 Your charisma was 6 (limit:18).

Final Status:
 You weren't hungry.
 You were unencumbered.
 You were wielding a two-handed sword.
 You had basic skill with two-handed sword and could have enhanced that.

Final Attributes:
 You were piously aligned.
 Your items were somewhat protected from fire.
 Your items were somewhat protected from cold.
 You were poison resistant.
 You were warded.
 Your spell casting was impaired by metallic armor.
 You are dead.

Miscellaneous:
 You encountered 1 bones level.
 Total elapsed playing time was 17 minutes and 21 seconds.

Major events:
 Turn
    1: Atrocia the neutral male human Barbarian entered the dungeon
 1170: attained the rank of Pillager (level 3)
 1283: entered the Gnomish Mines
 1675: attained the rank of Bandit (level 6)
 1931: reached Mine Town
 2404: killed by an elven arrow

Spells:
 Name                 Level Category     Fail Retention
 slow monster           2   enchantment  100%  76%-100%

Skills:
 Fighting Skills
   bare handed combat [Basic]
   two weapon combat  [Unskilled]
   riding             [Unskilled]
 Weapon Skills
   dagger             [Unskilled]
   axe                [Basic]
   pick-axe           [Unskilled]
   short sword        [Unskilled]
   broadsword         [Unskilled]
   long sword         [Unskilled]
   two-handed sword   [Basic]
   saber              [Unskilled]
   club               [Unskilled]
   mace               [Unskilled]
   morning star       [Unskilled]
   flail              [Unskilled]
   hammer             [Unskilled]
   quarterstaff       [Unskilled]
   spear              [Unskilled]
   trident            [Unskilled]
   bow                [Unskilled]
 Spellcasting Skills
   attack spells      [Unskilled]
   escape spells      [Unskilled]

Voluntary challenges:
 Character rerolling was not enabled.
 You never genocided any monsters.
 You never polymorphed an object.
 You never changed form.
 You used no wishes.
Achievements:
 You entered a shop.
 You attained the rank of Pillager.
 You entered the Gnomish Mines.
 You attained the rank of Bandit.
 You entered Minetown.

 The Dungeons of Doom: levels 1 to 4
    Level 1:
    Level 2:
       An armor shop.
    Level 3:
    Level 4:
       A grave.
       Stairs down to The Gnomish Mines.
 The Gnomish Mines: levels 5 to 7
    Level 5:
    Level 6:
    Level 7: <- You were here.
       A grave.
       Final resting place for
          you, killed by an elven arrow,
          levoittiel-Rog-Orc-Fem-Cha, killed by a raven, while praying.


Vanquished creatures:
  a dwarf leader
  a raven
 10 Mordor orcs
  a rock mole
  a fog cloud
  2 gnome leaders
  7 dwarves
  a rothe
  2 iguanas
  a coyote
  a hobbit
  a giant rat
  2 cave spiders
 19 gnomes
  2 geckos
  3 kobolds
  6 goblins
  a sewer rat
  6 grid bugs
  a bat
  3 lichens
  2 newts
74 creatures vanquished.

No species were genocided or became extinct.

Game over:
                       ----------
                      /          \
                     /    REST    \
                    /      IN      \
                   /     PEACE      \
                  /                  \
                  |     Atrocia      |
                  |      97 Au       |
                  |   killed by an   |
                  |   elven arrow    |
                  |                  |
                  |                  |
                  |       2026       |
                 *|     *  *  *      | *
        _________)/\\_//(\/(/\)/\//\/|_)_______

Goodbye Atrocia the Barbarian...

You died in The Gnomish Mines on dungeon level 7 with 2440 points,
and 97 pieces of gold, after 2404 moves.
You were level 6 with a maximum of 70 hit points when you died.

